 Dungeon Crawl Stone Soup version 0.30-a0-174-gbc10bd73c2 (webtiles) character file.

Game seed: 10526083655312067796

21 qw the Shield-Bearer (level 2, -3/19 HPs)
             Began as a Gargoyle Fighter on Oct 1, 2022.
             Slain by Terence
             ... wielding a +0 mace
              (5 damage)
             ... on level 2 of the Dungeon.
             The game lasted 00:00:18 (1026 turns).

qw the Shield-Bearer (Gargoyle Fighter)             Turns: 1026, Time: 00:00:19

Health: -3/19      AC:  9    Str: 19    XL:     2   Next: 83%
Magic:  2/2        EV:  9    Int:  8    God:
Gold:   79         SH:  4    Dex:  9    Spells: 1/1 levels left

rFire   . . .      SeeInvis .    Y - +0 war axe
rCold   . . .      Faith    .    c - +0 buckler
rNeg    + . .      Spirit   .    b - +0 scale mail
rPois   inf        Reflect  .    (no helmet)
rElec   +          Harm     .    (no cloak)
rCorr   .          Rampage  .    (no gloves)
Will    .....                    (no boots)
Stlth   ..........               (no amulet)
HPRegen 0.23/turn                (no ring)
MPRegen 0.08/turn                (no ring)

@: no status effects
A: sickness immunity, AC +2, negative energy resistance 1, electricity
resistance, torment resistance 1, petrification resistance
a: no special abilities


You were on level 2 of the Dungeon.
You visited 1 branch of the dungeon, and saw 2 of its levels.

You collected 79 gold pieces.


Innate Abilities, Weirdness & Mutations

You are immune to sickness and miasma.
Your stone body is resilient. (AC +2)
You are immune to poison.
You resist negative energy. (rN+)
You are resistant to electric shocks. (rElec)
You are resistant to unholy torment.
You are immune to petrification.


   Skills:
 - Level 3.2 Fighting
 + Level 3.0 Axes
 - Level 3.2 Armour
 - Level 3.2 Shields


You had one spell level left.
You didn't know any spells.
Your spell library was empty.

Inventory:

Hand Weapons
 a - a +0 whip
 Y - a +0 war axe (weapon)
Armour
 b - a +0 scale mail (worn)
 c - a +0 buckler (worn)
Scrolls
 e - a scroll of fear {unknown}
Potions
 d - a potion of might
 g - a potion of haste {unknown}

Dungeon Overview and Level Annotations

Branches:
Dungeon (2/15)

Altars:

Annotations:
D:2 Terence


Message History

You miss the frilled lizard.
The frilled lizard bites you but does no damage.
You hit the frilled lizard.
You kill the frilled lizard!
Your Axes skill increases to level 3!
Terence the Incautious comes into view.
He is wielding a +0 mace and carrying a wand of flame (10).
Terence shouts!
1015 ||| Stepping ~*~*~tactically~*~*~ (hiding).
You start waiting.
Terence is nearby!
Terence drinks a potion.
Terence suddenly seems more resistant.
You block Terence's attack.
You hit Terence.
Terence is lightly wounded.
Terence says, "Did you write a will?
You should..."
Terence zaps a wand.
The puff of flame hits you but does no damage.
You slash Terence!
Terence is heavily wounded.
Terence zaps a wand.
The puff of flame hits you but does no damage.
You hit Terence.
Terence is severely wounded.
Terence hits you with a +0 mace. You block Terence's attack.
You hit Terence but do no damage.
Terence is severely wounded.
Terence zaps a wand.
The puff of flame misses you.
You barely miss Terence.
Terence is severely wounded.
Terence completely misses you. Terence hits you with a +0 mace.
You hit Terence but do no damage.
Terence is severely wounded.
Terence zaps a wand.
The puff of flame misses you.
You hit Terence.
Terence is severely wounded.
Terence hits you with a +0 mace!
You barely miss Terence.
Terence is severely wounded.
Terence hits you with a +0 mace. x2
You die...

#........)..........
#...#..####.......##
#...#..## ###.#####
#...#...# #.# #...#[#.#
#.# #...#.#<# #.#
#...#.#.#####.#####
#.................##
##.@###.####........
......@.# #.# #.####.##
.######.###.####.###...#
#..............#.#
#.###......###...# #.#
######## ##### #.# ..#


You could see Terence (resistant).

Vanquished Creatures
  A dart slug (D:1)
  An endoplasm (D:1)
  2 giant cockroaches
  3 goblins
  5 kobolds
  A quokka (D:1)
  A frilled lizard (D:2)
  A rat (D:1)
15 creatures vanquished.

Notes
Turn   | Place    | Note
-------+----------+-------------------------------------------
     0 | D:1      | qw the Gargoyle Fighter began the quest for the Orb.
     0 | D:1      | Reached XP level 1. HP: 14/14 MP: 1/1
     0 | D:1      | 0 ||| qw: Version: 0.2-a-13-gfc7b4b4
     0 | D:1      | 0 ||| qw: Game counter: 1868
     0 | D:1      | 0 ||| qw: Always use a shield: true
     0 | D:1      | 0 ||| qw: God list: Okawaru
     0 | D:1      | 0 ||| qw: Allow faded altars: false
     0 | D:1      | 0 ||| qw: Do Orc after D:15 true
     0 | D:1      | 0 ||| qw: Do second Lair branch before Depths: true
     0 | D:1      | 0 ||| qw: Lair rune preference: random
     0 | D:1      | 0 ||| qw: Plans: Normal, Zot:1-4, God:TSO, Crypt, Tomb,
                  | Pan, Slime:5, Hells, Abyss, Orb
     0 | D:1      | 0 ||| PLANNING D:1-11
   179 | D:1      | Reached XP level 2. HP: 19/19 MP: 2/2
   413 | D:1      | 413 ||| Stepping ~*~*~tactically~*~*~ (stealth).
   719 | D:1      | 719 ||| READING scroll labelled AGUFAN MEIBIGH.
   820 | D:2      | 820 ||| DROPPING +0 club.
   995 | D:2      | Reached skill level 3 in Axes
  1014 | D:2      | Noticed Terence
  1015 | D:2      | 1015 ||| Stepping ~*~*~tactically~*~*~ (hiding).
  1025 | D:2      | HP: 4/19 [Terence/+0 mace (9)]
  1026 | D:2      | Slain by Terence

Levels and vault maps discovered:
D:1:      dpeg_arrival_round_c, layout_basic
D:2:      layout_loops_ring, hellmonk_ecumenical_altar_prayer_group,
          uniq_terence

Skill      XL: |  1  2 |
---------------+-------+-----
Axes           | 2 3 |  3.0
Fighting       | |  3.2
Armour         | |  3.2
Shields        | |  3.2

Action                   || total
-------------------------++-------
Melee: War axe           ||    60
  Use: Scroll            ||     1
Armor: Scale mail        ||    37
Dodge: Dodged            ||    26
Block: Buckler           ||    10

Table legend:
 A = Non-vault XP
 B = Vault XP
 C = Vault XP percentage of total XP
 D = Non-vault monster count
 E = Vault monster count
 F = Vault count percentage of total count
                 A         B        C        D         E       F
            +---------+---------+-------+---------+---------+-------
      Total |      30 |       0 |   0.0 |      15 |       0 |   0.0
            +---------+---------+-------+---------+---------+-------
        D:1 |      21 |       0 |   0.0 |      10 |       0 |   0.0
        D:2 |       9 |       0 |   0.0 |       5 |       0 |   0.0
            +---------+---------+-------+---------+---------+-------
